 Dungeon Crawl Stone Soup version 0.28-a0-533-g9f97627e2a (webtiles) character file.

Game seed: 10924137527367970951

97 Gargoyl the Skirmisher (level 4, -1/61 HPs)
             Began as a Gnoll Abyssal Knight on Sept 25, 2021.
             Was a Follower of Lugonu.
             Slain by Crazy Yiuf (7 damage)
             ... on level 2 of the Dungeon.
             The game lasted 00:02:38 (3083 turns).

Gargoyl the Skirmisher (Gnoll Abyssal Knight)       Turns: 3083, Time: 00:02:38

Health: -1/61      AC: 22    Str: 14    XL:     4   Next: 68%
Magic:  4/7        EV:  2    Int:  9    God:    Lugonu [*.....]
Gold:   71         SH:  0    Dex: 12    Spells: 5/5 levels left

rFire   . . .      SeeInvis .   a - +2 hand axe
rCold   . . .      Faith    .   (no shield)
rNeg    + + +      Spirit   .   (armour currently unavailable)
rPois   +          Reflect  .   (helmet currently unavailable)
rElec   .          Harm     .   (cloak currently unavailable)
rCorr   .          Rampage  .   (gloves currently unavailable)
Will    .....      NoTele   +   (boots currently unavailable)
Stlth   ++........              (no amulet)
HPRegen 0.20/turn               (no ring)
MPRegen 0.10/turn               (no ring)

@: tree-form, attractive
A: stationary, stasis, torment immunity, boosted hp, (fangs 1), strong nose,
distributed training
a: Renounce Religion, Depart the Abyss


You were on level 2 of the Dungeon.
You worshipped Lugonu.
Lugonu was aware of your devotion.
You were a tree.
You visited 1 branch of the dungeon, and saw 4 of its levels.
You visited the Abyss 1 time.

You collected 71 gold pieces.

Inventory:

Hand Weapons
 a - a +2 hand axe (weapon)
Armour
 c - a +0 helmet (melded)
 d - a +0 chain mail (melded)
Potions
 b - a potion of cancellation {unknown}
 f - a potion of lignification
 g - a potion of heal wounds {unknown}
 h - a potion of might {unknown}
 i - a potion of berserk rage {unknown}
 k - a potion of haste {unknown}
 m - 2 potions of degeneration {unknown}


   Skills:
 + Level 6.6 Fighting
 + Level 1.2 Short Blades
 + Level 1.2 Long Blades
 + Level 4.7 Axes
 + Level 1.2 Maces & Flails
 + Level 1.2 Polearms
 + Level 1.2 Staves
 + Level 1.2 Slings
 + Level 1.2 Bows
 + Level 1.2 Crossbows
 + Level 1.2 Throwing
 + Level 4.7 Armour
 + Level 2.8 Dodging
 + Level 1.2 Stealth
 + Level 1.2 Shields
 + Level 1.2 Unarmed Combat
 + Level 1.2 Spellcasting
 + Level 1.0 Conjurations
 + Level 1.0 Hexes
 + Level 1.0 Summonings
 + Level 1.0 Necromancy
 + Level 1.0 Translocations
 + Level 1.0 Transmutations
 + Level 1.0 Fire Magic
 + Level 1.0 Ice Magic
 + Level 1.0 Air Magic
 + Level 1.0 Earth Magic
 + Level 1.0 Poison Magic
 + Level 4.7 Invocations
 + Level 1.2 Evocations


You had 5 spell levels left.
You didn't know any spells.
Your spell library contained the following spells:

 Spells                   Type           Power      Damage    Failure   Level
 Magic Dart               Conj           8%         1d3       24%         1
 Searing Ray              Conj           4%         2d4       34%         2
 Ozocubu's Armour         Ice            2%         N/A       56%         3
 Fulminant Prism          Conj/Hex       1%         3d6       93%         4
 Ozocubu's Refrigeration  Ice            1%         4d5       100%        7


Dungeon Overview and Level Annotations

Branches:
Dungeon (4/15)
 Temple: D:4-7

Altars:

Annotations:
D:2 Crazy Yiuf


Innate Abilities, Weirdness & Mutations

You are a tree.
Your roots penetrate the ground, keeping you stationary.
You cannot be teleported.
You are immune to unholy pain and torment.
Your maximum health is greatly increased.
Your equipment is partially melded.
((You have very sharp teeth.))
Your uncanny sense of smell can sniff out nearby items.
Your experience applies equally to all skills.


Message History

The fungus is lightly damaged.
You hit the bush but do no damage. You hit the fungus.
The fungus is lightly damaged.
You hit the bush but do no damage.
A nearby fungus withers and dies.
Found a mace.
Found a runed translucent door.
Crazy Yiuf shouts!
You open the door. You hit Crazy Yiuf.
Crazy Yiuf is lightly wounded.
Crazy Yiuf hits you with a +2 quarterstaff of chaos.
Crazy Yiuf freezes you.
You hit Crazy Yiuf but do no damage. You bite Crazy Yiuf, but do no damage.
Crazy Yiuf is lightly wounded.
Crazy Yiuf hits you with a +2 quarterstaff of chaos.
You slash Crazy Yiuf!
Crazy Yiuf is heavily wounded.
Crazy Yiuf hits you with a +2 quarterstaff of chaos.
You hit Crazy Yiuf. You bite Crazy Yiuf, but do no damage.
Crazy Yiuf is heavily wounded.
Crazy Yiuf hits you with a +2 quarterstaff of chaos!
Crazy Yiuf freezes you.
You hit Crazy Yiuf but do no damage.
Crazy Yiuf is heavily wounded.
Crazy Yiuf hits you with a +2 quarterstaff of chaos.
Crazy Yiuf burns you.
It was a potion of attraction.
You feel attractive to monsters.
Crazy Yiuf says, "Snower high toodlewoodle!"
Crazy Yiuf hits you with a +2 quarterstaff of chaos!
* * * LOW HITPOINT WARNING * * *
You feel your power leaking away.
Unknown command.
It was a potion of lignification.
You turn into a tree.
Your +0 helmet melds into your body.
Your +0 chain mail melds into your body.
Your roots penetrate the ground.
Crazy Yiuf hits you with a +2 quarterstaff of chaos!
You die...

#..# ##.......## ##.##.# ##.#
...####.........####...#.#######.
......+..........................
...####..###################.###.
#..## ##.# #.##.. #...# ###
#.##.. #...# ###** #######.##..
#...# #)..### ##.#..##.##.. ##.##
#...g♣####............ #.# ####
#...##..#.P......##### #.# #..#
###**###.#.##.####...P #.# #.##
######## #.... #.# #<# #####
#.####.##### #### #..........#
#..# ######.##..# #.## ## #.##..#
#.# #P


You could see Crazy Yiuf.

Vanquished Creatures
  Jessica (D:2)
  An adder (D:2)
  A worm (D:2)
  A dart slug (D:2)
  6 orcs (D:4)
  2 ball pythons (D:2)
  2 bats
  4 endoplasms (D:2)
  4 giant cockroaches
  2 goblins
  3 hobgoblins
  4 jackals
  2 quokkas
  2 frilled lizards
  5 kobolds
  8 rats
48 creatures vanquished.

Vanquished Creatures (others)
  4 fungi (D:2)
4 creatures vanquished.

Grand Total: 52 creatures vanquished

Notes
Turn   | Place    | Note
-------+----------+-------------------------------------------
     0 | Abyss:1  | Gargoyl the Gnoll Abyssal Knight began the quest for the
                  | Orb.
     0 | Abyss:1  | Reached XP level 1. HP: 23/23 MP: 3/3
    10 | Abyss:1  | Found a corrupted altar of Lugonu.
    41 | Abyss:1  | Noticed an ancient zyme
    44 | Abyss:1  | Noticed a chaos spawn
    45 | Abyss:1  | Noticed a Hell Sentinel
    63 | D:1      | Escaped the Abyss
   270 | D:1      | Reached * piety under Lugonu
   371 | D:1      | Found a faded altar of an unknown god.
   448 | D:1      | Reached XP level 2. HP: 29/29 MP: 5/5
  1376 | D:2      | Reached XP level 3. HP: 10/35 MP: 6/6
  1940 | D:2      | You fall into a shaft and drop 2 floors!
  2098 | D:4      | Reached skill level 1 in Short Blades
  2098 | D:4      | Reached skill level 1 in Long Blades
  2098 | D:4      | Reached skill level 1 in Maces & Flails
  2098 | D:4      | Reached skill level 1 in Polearms
  2098 | D:4      | Reached skill level 1 in Staves
  2098 | D:4      | Reached skill level 1 in Slings
  2098 | D:4      | Reached skill level 1 in Bows
  2098 | D:4      | Reached skill level 1 in Crossbows
  2098 | D:4      | Reached skill level 1 in Throwing
  2098 | D:4      | Reached skill level 1 in Stealth
  2098 | D:4      | Reached skill level 1 in Shields
  2098 | D:4      | Reached skill level 1 in Unarmed Combat
  2098 | D:4      | Reached skill level 1 in Spellcasting
  2098 | D:4      | Reached skill level 1 in Evocations
  2174 | D:3      | Reached XP level 4. HP: 27/41 MP: 7/7
  2945 | D:2      | Noticed Jessica
  2953 | D:2      | Killed Jessica
  2954 | D:2      | Reached skill level 1 in Conjurations
  2954 | D:2      | Reached skill level 1 in Hexes
  2954 | D:2      | Reached skill level 1 in Summonings
  2954 | D:2      | Reached skill level 1 in Necromancy
  2954 | D:2      | Reached skill level 1 in Translocations
  2954 | D:2      | Reached skill level 1 in Transmutations
  2954 | D:2      | Reached skill level 1 in Fire Magic
  2954 | D:2      | Reached skill level 1 in Ice Magic
  2954 | D:2      | Reached skill level 1 in Air Magic
  2954 | D:2      | Reached skill level 1 in Earth Magic
  2954 | D:2      | Reached skill level 1 in Poison Magic
  3072 | D:2      | Found a runed translucent door.
  3073 | D:2      | Noticed Crazy Yiuf
  3083 | D:2      | Slain by Crazy Yiuf

Illustrated notes

Levels and vault maps discovered:
D:1:      nzn_arrival_water_spiral, layout_basic,
          shapermc_ecumenical_altar_notcrosses, minmay_tromino_mix6
D:2:      layout_loops_corners, serial_aquarium, aquarium_bridge_square
          [aquarium_subvault_window, aquarium_subvault_bridge,
          aquarium_subvault_bridge, aquarium_subvault_bridge],
          aquarium_window_2, aquarium_window_1, aquarium_view_2g,
          aquarium_balcony_double_3, aquarium_pool_2,
          amcnicky_mini_corridor_feature, uniq_jessica, uniq_crazy_yiuf_cottage
D:3:      layout_basic
D:4:      layout_basic, minmay_fountain_box, minmay_hedge_maze,
          minmay_statues_item

Skill      XL: |  1  2  3  4 |
---------------+-------------+-----
Short Blades   | 1 |  1.2
Long Blades    | 1 |  1.2
Maces & Flails | 1 |  1.2
Polearms       | 1 |  1.2
Staves         | 1 |  1.2
Slings         | 1 |  1.2
Bows           | 1 |  1.2
Crossbows      | 1 |  1.2
Throwing       | 1 |  1.2
Stealth        | 1 |  1.2
Shields        | 1 |  1.2
Unarmed Combat | 1 |  1.2
Spellcasting   | 1 |  1.2
Evocations     | 1 |  1.2
Conjurations   | 1 |  1.0
Hexes          | 1 |  1.0
Summonings     | 1 |  1.0
Necromancy     | 1 |  1.0
Translocations | 1 |  1.0
Transmutations | 1 |  1.0
Fire Magic     | 1 |  1.0
Ice Magic      | 1 |  1.0
Air Magic      | 1 |  1.0
Earth Magic    | 1 |  1.0
Poison Magic   | 1 |  1.0
Fighting       | |  6.6
Axes           | |  4.7
Armour         | |  4.7
Dodging        | |  2.8
Invocations    | |  4.7

Action                   |  1- 3 |  4- 6 || total
-------------------------+-------+-------++-------
Melee: Hand axe          |   116 |    43 ||   159
       Bite              |    13 |     5 ||    18
Invok: Depart the Abyss  |     1 |       ||     1
  Use: Scroll            |     2 |     2 ||     4
       Potion            |       |     2 ||     2
 Stab: Sleeping          |     2 |       ||     2
Armor: Leather armour    |    11 |       ||    11
       Chain mail        |    38 |    21 ||    59
Dodge: Dodged            |    55 |    11 ||    66

Table legend: (Time is in decaauts)
 A = Elapsed time spent in this place.
 B = Non-inter-level travel time spent in this place.
 C = Inter-level travel time spent in this place.
 D = Time resting spent in this place.
 E = Time spent auto-exploring this place.
 F = Levels seen in this place.
 G = Mean time per level.
                   A        B        C        D        E       F      G
               +--------+--------+--------+--------+--------+-----+--------+
         Total |   3101 |   3101 |      0 |    263 |   2323 |   5 |  620.2 |
       Dungeon |   3038 |   3038 |      0 |    263 |   2283 |   4 |  759.5 |
         Abyss |     63 |     63 |      0 |      0 |     40 |   1 |   63.0 |
               +--------+--------+--------+--------+--------+-----+--------+

Top non-repeatable levels by time:
     D:2: 1510 daAuts
     D:1: 1104 daAuts
     D:4: 234 daAuts
     D:3: 189 daAuts
 Abyss:1: 63 daAuts
